[Event "Gibraltar Challengers B 2020"]
[Site "Caleta"]
[Date "2020.01.25"]
[Round "1.31"]
[White "Schouten, Freek"]
[Black "Garcia-Blazquez Perez, Manuel"]
[Result "1-0"]
[ECO "A80"]
[WhiteElo "2084"]
[BlackElo "1825"]
[Annotator "NA RC"]
[PlyCount "133"]
[EventDate "2020.01.20"]
[EventType "swiss"]
[EventCountry "GGB"]
[SourceTitle "playchess.com"]
[Source "ChessBase"]
[SourceQuality "1"]
[TimeControl "6600+10"]

1. d4 f5 2. Bg5 h6 3. Bf4 Nf6 4. e3 d6 5. c4 (5. h3 g5 6. Bh2 e6 7. c4 Bg7 8. Nc3 O-O 9. Qc2 Nc6 10. Nf3 Qe8 11. d5 Nb4 12. Qb3 {1-0 (46) Kazakovskiy,V (2485)-Piorun,K (2611) Moscow 2019}) 5... g5 6. Bg3 {[%emt 0:00:05] A80: Dutch Defence: Unusual White second moves} Bg7 7. h4 e6 $146 ({Better is} 7... c5 $11) ({Predecessor:} 7... g4 8. Nc3 Nc6 9. d5 Ne5 10. Qa4+ Bd7 11. Qb3 Qc8 12. O-O-O c5 13. Nge2 Ne4 14. Nxe4 fxe4 {1-0 (39) Gitsis,H (2044)-Efentakis,N (1791) Athens 2010}) 8. hxg5 hxg5 9. Rxh8+ Bxh8 10. Nc3 Nc6 (10... Bg7 $14) 11. Nh3 g4 {[%emt 0:00:05] [#]} 12. Nf4 $1 Qe7 13. Qd2 (13. Qb3 $16) 13... Bd7 14. d5 Ne5 15. O-O-O O-O-O 16. Kb1 Nf7 17. dxe6 Bxe6 18. Bh4 Ne5 19. Ncd5 Bxd5 $1 20. cxd5 Qh7 ({Better is} 20... Kb8) 21. Bxf6 Bxf6 22. Ne6 f4+ 23. Qc2 Qxc2+ 24. Kxc2 Rh8 25. exf4 Nf7 26. b3 Rh2 27. Kd3 Bh4 28. g3 Bf6 29. Rd2 (29. Be2 $18) 29... Nh6 30. Ke4 Kd7 31. Nd4 c6 32. Bc4 Bxd4 33. Kxd4 Nf5+ 34. Kc3 c5 35. Be2 Nh6 36. Bd1 b5 37. Kd3 Rh1 38. a4 a6 39. axb5 axb5 {[%emt 0:00:01] [#]} 40. Kc2 ({Better is} 40. Be2 $1 $18) 40... Rh5 41. Be2 b4 42. Bd3 ({White should play} 42. Rd1 $14) 42... Kc7 43. Bg6 Rh2 44. Re2 Kb6 45. Kd3 Ng8 46. Re6 Rxf2 47. Bf7 $18 (47. Rxd6+ $142 Kc7 48. Rc6+ {[%mdl 64] Double Attack} Kb7 49. Be4) 47... Rf3+ 48. Kc2 Ne7 49. Rxe7 Rxg3 50. Rd7 Rg2+ 51. Kc1 Rg1+ 52. Kd2 Rg2+ 53. Ke1 Rb2 54. Rxd6+ Kb7 55. Rc6 g3 56. Kf1 Rxb3 57. Rxc5 Rf3+ 58. Kg2 Rxf4 59. Be6 Kb6 60. Rc8 Kb5 61. Kxg3 Rf6 62. Kg4 b3 63. Kg5 Rf1 64. d6 b2 65. d7 Rd1 66. d8=Q Rxd8 67. Rxd8 1-0

[Event "Gibraltar Challengers B 2020"]
[Site "Caleta"]
[Date "2020.01.25"]
[Round "1.32"]
[White "Olufemi, George"]
[Black "Stolniceanu, Victor-Dumitru"]
[Result "0-1"]
[ECO "C44"]
[WhiteElo "1803"]
[BlackElo "2074"]
[Annotator "NA RC"]
[PlyCount "98"]
[EventDate "2020.01.20"]
[EventType "swiss"]
[EventCountry "GGB"]
[SourceTitle "playchess.com"]
[Source "ChessBase"]
[SourceQuality "1"]
[TimeControl "6600+10"]

1. e4 e5 2. Nf3 Nc6 3. d4 exd4 4. Bc4 Bb4+ 5. c3 dxc3 6. O-O d6 7. bxc3 {[%emt 0:02:06] C44: Ponziani Opening and Scotch Gambit} Bc5 8. Nbd2 (8. Qb3 Qe7 9. Bg5 Nf6 10. e5 dxe5 11. Nbd2 O-O 12. Ne4 Bb6 13. Qb1 Bf5 14. Nfd2 h6 15. Bxf6 gxf6 {0-1 (33) Rodi,L (2314)-Limp,E (2359) Rio de Janeiro 2018}) 8... Nf6 9. Nb3 Bb6 10. a4 a5 11. Ba3 $146 ({Predecessor:} 11. Nbd4 Ne5 12. Nxe5 dxe5 13. Bb5+ Bd7 14. Nf5 Bxb5 15. Nxg7+ Kf8 16. Bh6 Qxd1 17. Nf5+ Ke8 18. Ng7+ Ke7 19. Nf5+ Ke6 20. Ng7+ Kd7 21. axb5 {½-½ (21) Ospina Ocampo,C (1918)-Roa Ribera,A (1688) Badalona 2017}) 11... Bg4 12. Qc2 {[%emt 0:02:38] [#]} Bxf3 $1 13. gxf3 Ne5 14. Be2 Nh5 15. Nd4 Nf4 16. Kh1 Qh4 17. Rg1 O-O 18. Rg3 g6 19. Qd2 Kh8 20. Rb1 Rad8 21. Bb2 (21. Bc1 $17 g5 22. Qa2) 21... Nh5 22. Kg2 Nxg3 23. hxg3 {[%emt 0:00:18] [#]} Qe7 $1 24. Rh1 Rg8 25. Qh6 Rg7 26. c4 f6 27. Qd2 Qd7 28. f4 Nf7 $2 ({Black should play} 28... Qe7 $19 29. f3 Nd7) 29. Rh4 $2 {[%emt 0:02:47] [#]} (29. Qc3 $11) 29... Rf8 $2 (29... Qe7 $1 $17 30. Nf3 Rf8) 30. Bg4 Qe7 $1 ({Avoid the trap} 30... Qxa4 $2 31. Ne6 $18 {[%mdl 64] Double Attack}) 31. Ne6 Nd8 32. Nxg7 ({White must play} 32. Nxf8 $16 Qxf8 33. f5) 32... Kxg7 33. f5 (33. Bf3 $5 ) 33... Nf7 $1 34. Bf3 g5 35. Rh1 h6 36. Re1 Qd7 37. Bd1 Qc6 38. Qe2 Re8 $2 (38... Qc5 $11) 39. Qh5 Nh8 40. Bxf6+ (40. Rh1 $142 Qxe4+ 41. f3 Qxf5 42. Qxe8) 40... Kxf6 41. Qxh6+ Ke7 42. f6+ Kd8 43. f7 Nxf7 44. Qf6+ Re7 45. Bh5 Qxc4 46. e5 Qe6 $2 (46... dxe5 47. Qf5 Bd4) 47. Qf3 $2 (47. Qxe6 Rxe6 48. Bxf7 Rxe5 49. Rxe5 dxe5 50. Bg6) 47... Nxe5 48. Qxb7 g4 $19 49. Rc1 Qf5 0-1

[Event "Gibraltar Challengers B 2020"]
[Site "Caleta"]
[Date "2020.01.25"]
[Round "1.33"]
[White "Hamer, Martyn"]
[Black "Kunnavakkam, Sudarshanagopal Vin"]
[Result "1-0"]
[ECO "A43"]
[WhiteElo "2069"]
[BlackElo "1786"]
[Annotator "NA RC"]
[PlyCount "135"]
[EventDate "2020.01.20"]
[EventType "swiss"]
[EventCountry "GGB"]
[SourceTitle "playchess.com"]
[Source "ChessBase"]
[SourceQuality "1"]
[TimeControl "6600+10"]

1. d4 c5 2. d5 e6 3. e4 d6 4. Nc3 Nf6 5. Nf3 g6 (5... exd5 6. exd5 Be7 7. h3 O-O 8. Bc4 Na6 9. O-O Nc7 10. Bf4 a6 11. a4 b6 12. Re1 Re8 13. g4 Rb8 14. Bh2 b5 15. axb5 axb5 {0-1 (59) Swayams,M (2479)-Wadsworth,M (2401) Hastings 2020}) 6. Bg5 {[%emt 0:02:30] A43: Schmid Benoni} Bg7 (6... e5 $16) 7. Bb5+ Kf8 {[%emt 0:02:07] [#]} 8. a4 $2 $146 ({White has to play} 8. dxe6 $1 $18 h6 9. Bh4) ({Predecessor:} 8. O-O h6 9. Be3 e5 10. a4 Nh5 11. Nd2 Nf4 12. Bxf4 exf4 13. Qf3 {0-1 (28) Colter,N (1731)-Watson,D (1775) High Wycombe 2013}) 8... h6 9. Bh4 a6 10. Be2 e5 (10... exd5 $14 11. exd5 g5) 11. Nd2 Kg8 12. Nc4 b6 13. Bg3 (13. Qd2 $142) 13... Kh7 14. f4 exf4 15. Bxf4 Ne8 16. O-O Ra7 17. e5 (17. Ra3 $16) 17... dxe5 18. Nxe5 Nd6 19. Nc6 Nxc6 20. dxc6 Bd4+ 21. Kh1 Bf5 22. Bf3 Nc4 (22... Be6 $16 {keeps fighting.}) 23. Nd5 Nxb2 24. Qc1 Be6 25. c7 Qf8 26. Nxb6 Qg7 27. Re1 (27. Bd5 $18) 27... Nc4 28. Rxe6 fxe6 29. c8=Q Rxc8 30. Nxc8 Rf7 31. Rb1 Bb2 32. Rxb2 Qxb2 33. Qxb2 Nxb2 34. Be5 Nc4 35. Bg3 Nd2 36. Nd6 Rf8 37. Be2 Rb8 38. Kg1 Rb4 39. Bxa6 Rxa4 40. Bb5 ({White should play} 40. Be2 $16) 40... Rb4 $16 (40... Ra1+ $1 $14 41. Kf2 Ra2) 41. Bd7 Ne4 42. Nxe4 Rxe4 43. Kf2 Rc4 44. Bxe6 Rxc2+ 45. Kf3 c4 46. Bd5 Rc1 47. Ke3 c3 48. Bf3 Rb1 49. Kd3 Rb3 50. Be5 Rb6 51. Kxc3 Re6 52. Kd4 Ra6 53. Kd5 Ra5+ 54. Ke6 Ra6+ 55. Bd6 Kg7 56. Bd5 Rb6 57. Ke7 Rb5 58. Bc6 Rf5 59. g4 Rf2 60. Be5+ Kh7 61. h4 h5 62. g5 Re2 63. Ke6 Re3 64. Bg2 Re2 65. Bf1 Re4 66. Bd3 Re3 67. Bc2 Rh3 68. Kf7 1-0

[Event "Gibraltar Challengers B 2020"]
[Site "Caleta"]
[Date "2020.01.25"]
[Round "1.34"]
[White "Tkadlecek, Petr"]
[Black "Ungureanu, Sandu"]
[Result "0-1"]
[ECO "D02"]
[WhiteElo "1775"]
[BlackElo "2066"]
[Annotator "NA RC"]
[PlyCount "118"]
[EventDate "2020.01.20"]
[EventType "swiss"]
[EventCountry "GGB"]
[SourceTitle "playchess.com"]
[Source "ChessBase"]
[SourceQuality "1"]
[TimeControl "6600+10"]

1. d4 c6 2. Nf3 d5 3. Bf4 Nf6 4. e3 Bg4 5. Be2 e6 6. h3 {[%emt 0:00:19] D02: 1 d4 d5 2 Nf3 sidelines, including 2...Nf6 3 g3 and 2...Nf6 3 Bf4} (6. Nbd2 Nbd7 7. h3 Bh5 8. O-O Be7 9. c4 O-O 10. Ne5 Bxe2 11. Qxe2 Nxe5 12. Bxe5 Bd6 13. Bxd6 Qxd6 14. Rfd1 Rfd8 15. Rac1 h6 16. Qd3 Qe7 17. a3 {½-½ (17) Mitkov,N (2565)-Ehlvest,J (2597) Santo Domingo 2006}) 6... Bxf3 7. Bxf3 Bd6 8. Bg5 Nbd7 9. c3 $146 ({Predecessor:} 9. Nd2 h6 10. Bxf6 Nxf6 11. O-O Qc7 12. c4 {0-1 (87) Stiemerling,K-Fritzler,E Spree 1997}) 9... h6 10. Bxf6 Nxf6 11. Nd2 b5 12. a3 a5 13. O-O a4 14. Qc2 O-O 15. Qd3 Qc7 16. Bd1 e5 17. dxe5 Bxe5 18. Bc2 Rfe8 19. Rfe1 Re6 20. Rac1 Rae8 21. Kh1 Bd6 22. Kg1 Qb6 23. Nf3 c5 24. Kh1 g6 25. Kg1 c4 26. Qd4 Bc5 27. Qd2 Kg7 28. Bb1 Ne4 29. Bxe4 dxe4 30. Nd4 Bxd4 31. cxd4 f5 32. Red1 g5 33. Qc3 Kg6 34. Rc2 Qd6 35. Qe1 f4 (35... Qd5 $17) 36. Qe2 (36. exf4 $11 gxf4 37. Qa5) 36... Rf6 37. Qd2 Qd7 38. exf4 gxf4 39. Qe2 (39. d5 $17) 39... f3 40. Qe3 fxg2 41. Qg3+ Kh7 42. Rc3 {[%emt 0:00:35] [#]} Qf5 (42... Ref8 $1 $19 43. Rd2 Rf3 44. Rxf3 exf3) 43. Re3 Rg8 (43... Rf7 $17 44. Qh4 h5) 44. Qh4 Re6 45. Rde1 Rge8 {[%emt 0:00:59] [#]} 46. Qg3 (46. Qg4 $1 $11 Qg6 47. R1e2) 46... R8e7 (46... Qf6 $17 47. d5 R6e7) 47. Qg4 Qxg4 48. hxg4 Kg6 49. f3 Kg5 (49... Rd6 $11) 50. Rxe4 Rxe4 51. Rxe4 Rxe4 52. fxe4 b4 53. axb4 c3 54. bxc3 a3 55. d5 a2 56. c4 Kxg4 57. Kxg2 a1=Q 58. b5 Qb2+ 59. Kf1 Kf3 0-1

[Event "Gibraltar Challengers B 2020"]
[Site "Caleta"]
[Date "2020.01.25"]
[Round "1.35"]
[White "Kukic, Boris"]
[Black "Ankitha Goud Palle"]
[Result "0-1"]
[ECO "D02"]
[WhiteElo "2056"]
[BlackElo "1761"]
[Annotator "NA RC"]
[PlyCount "78"]
[EventDate "2020.01.20"]
[EventType "swiss"]
[EventCountry "GGB"]
[SourceTitle "playchess.com"]
[Source "ChessBase"]
[SourceQuality "1"]
[TimeControl "6600+10"]

1. d4 d5 2. Bf4 Nf6 3. e3 g6 4. h3 Bg7 5. Nf3 O-O 6. Be2 b6 {[%emt 0:01:57] D02: 1 d4 d5 2 Nf3 sidelines, including 2...Nf6 3 g3 and 2...Nf6 3 Bf4} (6... c5 7. c3 b6 8. Nbd2 Nc6 9. Qb3 Re8 10. O-O c4 11. Qd1 b5 12. a4 bxa4 13. Qxa4 Bd7 14. Qa6 Qb6 15. Ra2 {1-0 (58) Demchenko,A (2671)-Abdumalik,Z (2464) Teplice 2019}) 7. O-O Bb7 8. Ne5 Nbd7 9. Nd2 c5 10. c3 Ne8 11. Ndf3 f6 12. Ng4 ({White should try} 12. Nxd7 $11 Qxd7 13. Rc1) 12... g5 $146 ({Predecessor:} 12... e6 13. Bd3 f5 14. Nge5 c4 15. Bc2 Ndf6 16. Nd2 Nd6 {0-1 (28) Moan,F (1853)-Josse,M (2142) London 2012}) 13. Bxg5 fxg5 14. Nxg5 Rf5 (14... Qc8 $11) 15. Ne6 Qc8 16. Bd3 Rh5 {[%emt 0:01:41] [#]} 17. f4 (17. Nf4 $1 $16 Rg5 18. h4 Rxg4 19. Qxg4) 17... Nef6 18. f5 (18. Qf3 $14) 18... Ne4 19. Bxe4 dxe4 20. Rf4 Kh8 21. Nxg7 Kxg7 22. Ne5 Nf6 $1 23. Qf1 Nd5 24. Rg4+ ({White should try} 24. Rf2 $15) 24... Kf8 25. Qf2 Rxf5 26. Qh4 {[%emt 0:01:28] [#]} Nf6 $1 27. Qh6+ Ke8 28. Rg7 {[%emt 0:02:21] [#]} Qe6 ({Black should play} 28... cxd4 $1 $17 29. cxd4 Qc2) 29. Rxh7 $1 Rxe5 $1 30. dxe5 Qxe5 31. Qg7 Qd6 32. Rh6 Kd7 33. Rf1 Rg8 34. Qf7 $2 {[%emt 0:00:33] [#]} (34. Qxg8 $14 Nxg8 35. Rxd6+ exd6 36. g4) 34... Qd2 $1 35. Rf2 Qe1+ 36. Rf1 Qxe3+ 37. Kh1 Qxh6 38. Rxf6 Qxf6 $19 (38... Qg5 $142 39. Rf2 {[#]} e3 $1 40. Qxg8 Qxg8 41. Re2 Qd5 $1 42. b4 Qd1+ {[%mdl 64] Double Attack} 43. Kh2 Qxe2 {[%mdl 64] Double Attack} 44. Kg3 Qxg2+ 45. Kf4 e2 46. bxc5 e1=Q {[%mdl 64] Discovered Attack} 47. c6+ Bxc6 48. Kf5 Qee4#) 39. Qxg8 Qd6 0-1

[Event "Gibraltar Challengers B 2020"]
[Site "Caleta"]
[Date "2020.01.25"]
[Round "1.37"]
[White "Karlsson, Jorgen"]
[Black "Lafour, Jephte"]
[Result "1-0"]
[ECO "D00"]
[WhiteElo "2054"]
[BlackElo "1690"]
[Annotator "NA RC"]
[PlyCount "123"]
[EventDate "2020.01.20"]
[EventType "swiss"]
[EventCountry "GGB"]
[SourceTitle "playchess.com"]
[Source "ChessBase"]
[SourceQuality "1"]
[TimeControl "6600+10"]

1. d4 d5 2. Bf4 Nf6 3. e3 c5 4. Nc3 a6 5. dxc5 Bf5 (5... Qa5 $11) 6. Bd3 Bg6 7. Nf3 e6 8. b4 Be7 9. Na4 Nbd7 10. c3 Ne4 11. O-O O-O 12. Ne5 Nxe5 13. Bxe5 f6 14. Bg3 Be8 (14... Nxg3 $16 15. hxg3 (15. fxg3 Bxd3 16. Qxd3 Qe8 $16) 15... f5) 15. Bxe4 dxe4 16. Nb6 Qxd1 17. Rfxd1 Rd8 18. Bc7 Rd3 19. Rxd3 exd3 20. Rd1 Bg6 21. f3 a5 22. Bd6 axb4 23. cxb4 ({Worse is} 23. Bxe7 bxc3 24. Nc4 (24. Bxf8 $2 c2 $19) 24... Ra8 $17) 23... Re8 24. Bxe7 Rxe7 25. e4 e5 26. Rxd3 f5 27. Rd8+ Kf7 28. Nc8 Rc7 29. exf5 Bxf5 30. Nd6+ Kg6 31. Re8 Kf6 32. Rf8+ Ke6 33. Nxf5 g6 34. Ne3 Rd7 35. Re8+ Kf7 36. Rxe5 Rd2 37. a4 Ra2 38. a5 h5 39. h4 Kf6 40. Re4 Rd2 41. Nc4 Rd1+ 42. Kf2 Rb1 43. Nd6 Rb2+ 44. Kg3 g5 45. hxg5+ Kxg5 46. f4+ Kf6 47. Nxb7 h4+ $18 48. Kh3 Rb1 49. Kxh4 Rh1+ 50. Kg4 Rh7 51. Nd6 Rg7+ 52. Kf3 Rg8 53. g4 Rh8 54. g5+ Kg7 55. f5 Rh3+ 56. Kg4 Rh1 57. Re7+ Kg8 58. f6 Rf1 59. Kh5 Rg1 60. Kg6 Rxg5+ 61. Kxg5 Kf8 62. Re8# 1-0

[Event "Gibraltar Challengers B 2020"]
[Site "Caleta"]
[Date "2020.01.25"]
[Round "1.38"]
[White "Nergard, Ole-Kristian"]
[Black "George, Lolomari Erekosima"]
[Result "1/2-1/2"]
[ECO "B11"]
[WhiteElo "1667"]
[BlackElo "2053"]
[Annotator "NA RC"]
[PlyCount "84"]
[EventDate "2020.01.20"]
[EventType "swiss"]
[EventCountry "GGB"]
[SourceTitle "playchess.com"]
[Source "ChessBase"]
[SourceQuality "1"]
[TimeControl "6600+10"]

1. e4 c6 2. Nc3 d5 3. Nf3 Bg4 4. h3 Bh5 5. Be2 e6 6. O-O Bg6 $146 {[%emt 0:03:29] B11: Caro-Kann: Two Knights Variation} ({Predecessor:} 6... Nf6 7. d3 Be7 8. Bf4 O-O 9. Nd2 Bxe2 10. Qxe2 a5 11. e5 Nfd7 12. Qg4 Kh8 13. a3 b5 14. Nf3 {1-0 (54) Nakamura,H (2760)-Ding,L (2702) Beijing 2012}) 7. d3 d4 (7... Nf6 $11 {remains equal.}) 8. Nb1 c5 9. Nbd2 Nc6 10. Nc4 Bd6 11. a4 Nge7 12. Nh4 Nc8 13. Nxg6 hxg6 14. f4 N8e7 15. Qe1 Qd7 16. Bd2 O-O-O (16... b6 $14) 17. a5 Kb8 18. Qf2 Bc7 19. Rfb1 e5 20. b4 cxb4 21. Bxb4 exf4 22. Bd2 (22. Bxe7 $142 Qxe7 23. Rb2) 22... g5 23. Rb5 a6 24. Rb2 Rde8 25. Rab1 (25. Bg4 $142 f5 26. exf5) 25... Nd8 26. Bg4 Qc6 27. Qxd4 Ng6 {[%emt 0:00:01] [#]} 28. Bb4 $2 (28. Bd7 $1 Ne7 29. Bxc6 Nexc6 30. Qd7) 28... Ne5 29. Bd6 Nxc4 30. Bxc7+ Kxc7 31. dxc4 Rxe4 32. Qxg7 Qc5+ 33. Kh2 Rhe8 34. Bf3 Re1 35. Rxb7+ (35. Rb4 ) 35... Nxb7 36. Qxf7+ R1e7 (36... Kd8 37. Qf6+ Kc8 38. Bxb7+ Kc7 39. Rxe1 Rxe1 40. Qf7+ Kb8 41. h4) 37. Rxb7+ Kc8 38. Rxe7 Rxe7 39. Qg8+ Kc7 40. Qa8 Re1 41. Qb7+ Kd8 42. Qa8+ Kc7 1/2-1/2

[Event "Gibraltar Challengers B 2020"]
[Site "Caleta"]
[Date "2020.01.25"]
[Round "1.39"]
[White "Martinez Lopez, Jaume"]
[Black "Hng, Mei-Xian Eunice"]
[Result "1-0"]
[ECO "A45"]
[WhiteElo "2042"]
[BlackElo "1661"]
[Annotator "NA RC"]
[PlyCount "71"]
[EventDate "2020.01.20"]
[EventType "swiss"]
[EventCountry "GGB"]
[SourceTitle "playchess.com"]
[Source "ChessBase"]
[SourceQuality "1"]
[TimeControl "6600+10"]

1. d4 Nf6 2. Bg5 c5 3. d5 Qb6 4. Nc3 d6 5. e4 Nbd7 ({Black should play} 5... Qxb2 $11 6. Bd2 Qb6) (5... g6 6. Rb1 Bg7 7. Bb5+ Bd7 8. Bxd7+ Nbxd7 9. Nge2 Qa5 10. O-O b5 11. a3 b4 12. axb4 cxb4 {0-1 (39) Andreikin,D (2719)-Nakamura,H (2746) St Petersburg 2018}) 6. f4 {[%emt 0:03:29] A45: Trompowsky Attack} g6 $146 ({Predecessor:} 6... a6 7. Rb1 g6 8. Nf3 Ng4 9. Qd2 Qc7 10. a4 Bg7 11. Bc4 O-O 12. O-O Nb6 {1-0 (28) Verrascina,N (2140)-Cutinelli,G Rome 1997}) 7. Rb1 Bg7 8. Nf3 O-O 9. Nd2 a6 10. a4 Re8 11. Be2 Nf8 12. Nc4 Qc7 (12... Qb4 $11 {remains equal.}) 13. O-O N8d7 {[%emt 0:02:22] [#]} (13... N6d7 $16 {was necessary.}) 14. Ra1 (14. e5 $1 $18 ) 14... b6 {[%emt 0:10:13] [#]} 15. Bf3 $2 (15. e5 $1 $18 ) 15... Bb7 (15... Rb8 $14) 16. Re1 h6 17. Bh4 Nh7 18. Qd2 ({White should try} 18. e5 $16) 18... Rad8 ({Better is} 18... Bd4+ $14 19. Bf2 b5) 19. e5 f6 20. Bg3 $2 (20. e6 $18 {has better winning chances.}) 20... fxe5 21. fxe5 dxe5 22. d6 Qb8 23. dxe7 Rxe7 24. Bxb7 Qxb7 25. Nxe5 ({Better is} 25. Qd6 $18 Ree8 26. Qxg6) 25... Nhf8 (25... Ree8 $14 26. Ng4 Bd4+ 27. Bf2 h5) 26. Nc4 Rde8 {[%emt 0:04:23] [#]} 27. Nd6 $1 {[%emt 0:00:26] Double Attack} Rxe1+ 28. Bxe1 Rxe1+ 29. Rxe1 Bd4+ 30. Kh1 Qc6 31. Qf4 Ne5 32. Nce4 Bxb2 33. Rf1 (33. Nf6+ $142 Kg7 34. Rxe5 Qxd6 {[%mdl 64] Pin} 35. Ne8+ {[%mdl 64] Double Attack} Kg8 36. Nxd6 Bxe5 37. Qxe5 h5 38. Qe7 Kh8 39. Qxf8+ Kh7 40. Ne8 h4 41. Qg7#) 33... Qa8 34. Nf6+ Kg7 35. Nfe8+ Kh7 36. Qxf8 1-0

[Event "Gibraltar Challengers B 2020"]
[Site "Caleta"]
[Date "2020.01.25"]
[Round "1.40"]
[White "Lee, Alexandre KM"]
[Black "Lung, Liviu-Catalin"]
[Result "0-1"]
[ECO "B06"]
[WhiteElo "1557"]
[BlackElo "2041"]
[Annotator "NA RC"]
[PlyCount "112"]
[EventDate "2020.01.20"]
[EventType "swiss"]
[EventCountry "GGB"]
[SourceTitle "playchess.com"]
[Source "ChessBase"]
[SourceQuality "1"]
[TimeControl "6600+10"]

1. e4 c6 2. d4 g6 3. Nc3 Bg7 4. h3 d6 5. Nf3 b5 6. Bd3 b4 {[%emt 0:01:26] B06: Modern Defence} (6... Nd7 7. O-O Qc7 8. a4 b4 9. Ne2 Ngf6 10. Ng3 Bb7 11. Be3 c5 12. c3 c4 13. Bb1 bxc3 14. bxc3 O-O {½-½ (64) Perunovic,M (2589)-Novikov,S (2531) Moscow 2019}) 7. Ne2 Nf6 8. Be3 $146 ({Predecessor:} 8. O-O Nbd7 9. a3 bxa3 10. Rxa3 O-O 11. c4 e5 12. dxe5 dxe5 {1-0 (49) Yuksel,A (2028)-Haman,J (2137) Istanbul 2012}) 8... O-O 9. Qd2 Na6 (9... Nbd7 $14) 10. Ng3 ({Better is} 10. Bh6 $16) 10... c5 11. Bxa6 cxd4 12. Bxd4 Bxa6 13. Qxb4 Qc7 14. Qc3 Qb7 15. Qe3 Rfc8 16. Bc3 Nd7 (16... d5 $17 17. e5 {[#]} d4 $1 18. Bxd4 (18. Qxd4 Nd5 $17) 18... Nd5) 17. Bxg7 Kxg7 18. O-O-O Rab8 19. b3 Qc7 $1 20. Rd2 {[%emt 0:03:16] [#]} Qa5 $1 21. Kb2 {[%emt 0:04:23] [#]} Nb6 $1 22. Ka1 $1 {[%emt 0:05:40] [#]} Qa3 (22... Rc3 $1 $17 23. Qd4+ Kg8) 23. c4 Nd7 24. Qc3+ Kg8 25. Qb2 Qa5 $1 26. Rd5 (26. Qc2 $15) 26... Qb6 (26... Nc5 $17 27. Nd2 Bb7) 27. Qd4 ({White should play} 27. Rb1 $11) 27... Nc5 28. Nd2 (28. Rb1 $1 $15) 28... Bb7 29. Rg5 e5 30. Qe3 Ne6 31. Qxb6 axb6 32. Rg4 Kf8 33. Ne2 b5 34. cxb5 Rc2 35. Rd1 d5 36. Kb1 Rc5 37. a4 d4 38. Rg3 f5 39. exf5 gxf5 40. Nc4 f4 41. Rg4 h5 42. Rh4 Ng7 43. f3 $18 Ke7 44. Nc1 Bc8 45. Kb2 Bf5 46. Ka3 Kf6 47. Nd6 Kg5 48. g3 Rc3 49. Nf7+ Kf6 50. Nd6 Bc2 51. Rg1 Ke6 52. Ne4 Bxe4 53. fxe4 f3 54. Rf1 Rf8 55. Kb2 f2 56. Ne2 Re3 0-1

[Event "Gibraltar Challengers B 2020"]
[Site "Caleta"]
[Date "2020.01.25"]
[Round "1.42"]
[White "Li, Max J"]
[Black "Hladik, Lumir"]
[Result "0-1"]
[ECO "B13"]
[WhiteElo "2078"]
[BlackElo "2018"]
[Annotator "NA RC"]
[PlyCount "74"]
[EventDate "2020.01.20"]
[EventType "swiss"]
[EventCountry "GGB"]
[SourceTitle "playchess.com"]
[Source "ChessBase"]
[SourceQuality "1"]
[TimeControl "6600+10"]

1. e4 c6 2. d4 d5 3. exd5 cxd5 4. Nf3 Nc6 5. Bb5 a6 (5... Bg4 6. c4 Nf6 7. Nc3 g6 8. h3 Bxf3 9. Qxf3 a6 10. cxd5 Nxd5 11. Qxd5 axb5 12. Qxb5 Bg7 13. Qxb7 Nxd4 {1-0 (63) Carlsen,M (2872)-Savchenko,B (2577) Moscow 2019}) 6. Ba4 {[%emt 0:01:59] B13: Caro-Kann: Exchange Variation and Panov-Botvinnik Attack} b5 7. Bb3 Bg4 8. c3 Nf6 9. h3 Bh5 10. Bf4 e6 11. Nbd2 Bd6 12. Bxd6 Qxd6 13. a4 $146 ({Predecessor:} 13. O-O) 13... O-O 14. O-O b4 15. Qc1 Na5 16. Ne5 Rfc8 17. Qc2 ({White should play} 17. Bc2 $15) 17... Rab8 18. Rac1 Qb6 19. c4 Qxd4 20. Ndf3 (20. Rfe1 {was the only chance.}) 20... Bxf3 21. Nxf3 Qe4 22. Nd2 (22. c5 {might work better.}) 22... Qxc2 23. Rxc2 Nxb3 24. Nxb3 dxc4 25. Rfc1 c3 26. bxc3 h6 27. c4 (27. Nd2 $17) 27... Ne4 28. c5 Nc3 29. a5 Rd8 30. Kf1 Rd5 31. Rd2 Rbd8 32. Rxd5 Rxd5 33. f3 Kf8 34. Rc2 Ke8 35. Rd2 Rxd2 36. Nxd2 Kd7 37. Ke1 $19 Kc6 0-1

[Event "Gibraltar Challengers B 2020"]
[Site "Caleta"]
[Date "2020.01.26"]
[Round "2.1"]
[White "Severijnen, Arjon"]
[Black "Oragwu, Chukwunonso"]
[Result "0-1"]
[ECO "B35"]
[WhiteElo "2120"]
[BlackElo "2220"]
[Annotator "NA"]
[PlyCount "142"]
[EventDate "2020.01.20"]
[EventType "swiss"]
[EventCountry "GGB"]
[SourceTitle "playchess.com"]
[Source "ChessBase"]
[SourceQuality "1"]
[TimeControl "6600+10"]

1. e4 c5 2. Nf3 Nc6 3. d4 cxd4 4. Nxd4 g6 5. Nc3 Bg7 6. Be3 Nf6 7. Bc4 Qa5 8. O-O O-O 9. h3 d6 10. Re1 Bd7 11. Bb3 Rac8 12. Nd5 Nxd5 13. exd5 Ne5 14. c3 {[%emt 0:12:55] B35: Sicilian: Accelerated Dragon with 5 Nc3: main line} (14. Qe2 Qc7 15. c3 {Predecessor:} Rfe8 16. a4 (16. Nb5 Bxb5 17. Qxb5 a6 18. Qb6 Qxb6 19. Bxb6 Nc4 20. Bxc4 Rxc4 21. Re2 Bf6 22. Rc1 Rec8 23. Rce1 Kf8 24. Kf1 h5 25. Re4 Rxe4 {½-½ (25) Lehaci,M (1906)-Sgircea,S (2198) Olanesti 2018}) 16... Nc4 17. Nb5 Bxb5 18. axb5 Nxe3 19. Qxe3 b6 20. Ra4 Qd7 21. Qe2 Rc5 {1-0 (53) McClymont,B (2360)-Winkelman,A (2212) Sydney 2019}) 14... Rfe8 15. Qe2 Ba4 $146 16. Bxa4 Qxa4 17. b3 Qa5 18. c4 a6 19. Rac1 h6 {[%emt 0:03:42] [#]} 20. a4 (20. f4 $1 $16) 20... Nd7 21. Rb1 Qc7 22. Qd2 Kh7 23. f4 e5 24. dxe6 fxe6 25. Ne2 Rcd8 26. Ng3 Nf6 27. a5 Qf7 28. Bb6 Rd7 29. Qc2 d5 30. Rbd1 h5 31. Bd4 h4 32. Bxf6 Bxf6 33. Nf1 $11 Bd8 34. Qc3 Rf8 35. Rd3 dxc4 36. Rxd7 Qxd7 37. Qxc4 Rf6 38. b4 Qd5 39. Re4 Qxc4 40. Rxc4 Rf7 41. Nd2 Bc7 42. Nf3 Bxf4 43. Nxh4 g5 44. Nf3 Kg6 45. Kf2 Rc7 46. Rxc7 Bxc7 47. Nd4 Kf6 48. Ke3 Bd6 49. Nc2 Ke5 50. g3 Be7 51. Kd3 Bf8 52. Ke3 Bd6 53. Kd3 Kf6 54. g4 Ke5 55. Ke3 Kd5 56. Kd3 Bf4 57. b5 axb5 58. Nb4+ Kc5 59. a6 bxa6 60. Nxa6+ Kb6 61. Nb4 Bd6 62. Nc2 Bc5 63. Ke4 Kc6 64. Ke5 Kd7 65. Kf6 Be7+ 66. Ke5 b4 67. Nd4 Bd6+ 68. Kf6 e5 69. Nb3 e4 70. Kxg5 e3 71. Nc1 b3 0-1